MLB
MEXICO CITY PADRES @ ARIZONA DIAMONDBACKS
03/13/2042
 
TOP OF THE 1ST
Mexico City Padres batting - Pitching for Arizona Diamondbacks : LHP Walt Boyd
Pitching: LHP Walt Boyd
Batting: LHB Ángelo Martínez 0-0: Ball
1-0: Swinging Strike
1-1: Called Strike
1-2: Ball
2-2: Strikes out swinging
Batting: RHB Jung-jun Moon 0-0: Swinging Strike
0-1: Foul Ball, location: 25FF
0-2: SINGLE (Line Drive, 9S, EV 106.3 MPH)
Batting: RHB Germão Risques 0-0: Swinging Strike
0-1: Foul Ball, location: 5F
0-2: Ball
Jung-jun Moon is caught stealing 2nd base 2-4
1-2: Foul Ball, location: 25FF
1-2: Foul Ball, location: 3F
1-2: Ball
2-2: Ball
3-2: Base on Balls
Batting: LHB Mario Rosales 0-0: Called Strike
Germão Risques steals 2nd base
0-1: Fly out, F6 (Popup, 6MS, EV 58.1 MPH)
Top of the 1st over - 0 runs, 1 hit, 0 errors, 1 left on base; Mexico City 0 - Arizona 0
BOTTOM OF THE 1ST
Arizona Diamondbacks batting - Pitching for Mexico City Padres : LHP Ernie Hall
Pitching: LHP Ernie Hall
Batting: RHB Eddie Fields 0-0: Ball
1-0: SINGLE (Line Drive, 78M, EV 93.1 MPH)
Batting: RHB Teklu Malawa 0-0: Ball
1-0: Ball
2-0: Sac Bunt to 2L - play at first, batter OUT! 2-3
Eddie Fields to second
Batting: RHB Jim Williams 0-0: Ground out 6-3 (Groundball, 56, EV 101.9 MPH)
Eddie Fields to third
Batting: SHB Joe Harris 0-0: Ball
1-0: Swinging Strike
1-1: Ball
2-1: Ground out 6-3 (Groundball, 6M, EV 84.4 MPH)
Bottom of the 1st over - 0 runs, 1 hit, 0 errors, 1 left on base; Mexico City 0 - Arizona 0
TOP OF THE 2ND
Mexico City Padres batting - Pitching for Arizona Diamondbacks : LHP Walt Boyd
Batting: SHB Tony Hinojosa 0-0: Fly out, F4 (Popup, 34, EV 55.6 MPH)
Batting: RHB Hikaru Nii 0-0: Called Strike
0-1: Fly out, F5 (Line Drive, 5, EV 70.0 MPH)
Batting: RHB John Howatt 0-0: Foul Ball, location: 2F
0-1: Ground out 6-3 (Groundball, 6, EV 69.4 MPH)
Top of the 2nd over - 0 runs, 0 hits, 0 errors, 0 left on base; Mexico City 0 - Arizona 0
BOTTOM OF THE 2ND
Arizona Diamondbacks batting - Pitching for Mexico City Padres : LHP Ernie Hall
Batting: RHB Orlando Gómes 0-0: Ball
1-0: Ground out 6-3 (Groundball, 6, EV 85.6 MPH)
Batting: LHB Sancho Morán 0-0: Ball
1-0: Foul Ball, location: 2F
1-1: Ball
2-1: Ball
3-1: Foul Ball, location: 2F
3-2: Base on Balls
Batting: RHB Mike Brock 0-0: Called Strike
0-1: Grounds into double play, 6-4-3 (Groundball, 6, EV 98.8 MPH)
Bottom of the 2nd over - 0 runs, 0 hits, 0 errors, 0 left on base; Mexico City 0 - Arizona 0
TOP OF THE 3RD
Mexico City Padres batting - Pitching for Arizona Diamondbacks : LHP Walt Boyd
Batting: RHB Cristo Lópes 0-0: SINGLE (Groundball, 6MD, EV 96.3 MPH)
Batting: RHB Orlando Hernández 0-0: Called Strike
0-1: Foul Ball, location: 9LMF
0-2: Strikes out swinging
Batting: LHB Ángelo Martínez 0-0: Ball
1-0: Called Strike
1-1: Fielders Choice at 2nd, 4-6 (Groundball, 4, EV 104.4 MPH)
Batting: RHB Jung-jun Moon 0-0: Fly out, F9 (Flyball, 89M, EV 87.5 MPH)
Top of the 3rd over - 0 runs, 1 hit, 0 errors, 1 left on base; Mexico City 0 - Arizona 0
BOTTOM OF THE 3RD
Arizona Diamondbacks batting - Pitching for Mexico City Padres : LHP Ernie Hall
Batting: LHB Bob MacEachern 0-0: Called Strike
0-1: Ball
1-1: Ball
2-1: Ground out U3 (Groundball, 3, EV 78.8 MPH)
Batting: LHB Cisco Silva 0-0: Called Strike
0-1: Foul Ball, location: 5DF
0-2: Ball
1-2: Foul Ball, location: 2F
1-2: Fly out, F8 (Flyball, 8RD, EV 107.5 MPH)
Batting: RHB Eddie Fields 0-0: Ball
1-0: Ball
2-0: Called Strike
2-1: Ball
3-1: Base on Balls
Batting: RHB Teklu Malawa 0-0: Foul Ball, location: 2F
0-1: Ball
1-1: Ball
2-1: Ball
3-1: Called Strike
3-2: Base on Balls
Eddie Fields to second
Batting: RHB Jim Williams 0-0: Called Strike
0-1: Foul Ball, location: 2F
0-2: Ball
Wild Pitch!
Eddie Fields to third
Teklu Malawa to second
1-2: Fly out, F6 (Popup, 4MS, EV 71.9 MPH)
Bottom of the 3rd over - 0 runs, 0 hits, 0 errors, 2 left on base; Mexico City 0 - Arizona 0
TOP OF THE 4TH
Mexico City Padres batting - Pitching for Arizona Diamondbacks : LHP Walt Boyd
Batting: RHB Germão Risques 0-0: Fly out, F8 (Flyball, 8LD, EV 103.1 MPH)
Batting: LHB Mario Rosales 0-0: Ball
1-0: Foul Ball, location: 7LMF
1-1: Swinging Strike
1-2: Ball
2-2: Fly out, F8 (Flyball, 8RS, EV 83.1 MPH)
Batting: SHB Tony Hinojosa 0-0: Ball
1-0: Ball
2-0: Ball
3-0: Called Strike
3-1: Swinging Strike
3-2: Foul Ball, location: 23F
3-2: Base on Balls
Batting: RHB Hikaru Nii Pickoff Throw to First - Out! 1-3
Top of the 4th over - 0 runs, 0 hits, 0 errors, 0 left on base; Mexico City 0 - Arizona 0
BOTTOM OF THE 4TH
Arizona Diamondbacks batting - Pitching for Mexico City Padres : LHP Ernie Hall
Batting: SHB Joe Harris 0-0: Ground out 6-3 (Groundball, 6, EV 103.1 MPH)
Batting: RHB Orlando Gómes 0-0: Swinging Strike
0-1: Foul Ball, location: 2F
0-2: Strikes out swinging
Batting: LHB Sancho Morán 0-0: Ball
1-0: Ball
2-0: Ball
3-0: Base on Balls
Batting: RHB Mike Brock 0-0: Ball
1-0: Swinging Strike
1-1: Ball
2-1: Foul Ball, location: 2F
2-2: Strikes out swinging
Bottom of the 4th over - 0 runs, 0 hits, 0 errors, 1 left on base; Mexico City 0 - Arizona 0
TOP OF THE 5TH
Mexico City Padres batting - Pitching for Arizona Diamondbacks : LHP Walt Boyd
Now at 1B: Joe Brown
Now in LF: Tommy Rose
Batting: RHB Hikaru Nii 0-0: Foul Ball, location: 2RF
0-1: Ball
1-1: Swinging Strike
1-2: Ball
2-2: Ball
3-2: Ground out 4-3 (Groundball, 4, EV 88.8 MPH)
Batting: RHB John Howatt 0-0: Ball
1-0: Foul Ball, location: 25F
1-1: Ground out 5-3 (Groundball, 56S, EV 87.5 MPH)
Batting: RHB Cristo Lópes 0-0: Ball
1-0: Called Strike
1-1: DOUBLE (Flyball, 8LXD, EV 110.0 MPH)
Batting: RHB Orlando Hernández 0-0: Ground out 5-3 (Groundball, 56S, EV 64.4 MPH)
Top of the 5th over - 0 runs, 1 hit, 0 errors, 1 left on base; Mexico City 0 - Arizona 0
BOTTOM OF THE 5TH
Arizona Diamondbacks batting - Pitching for Mexico City Padres : LHP Ernie Hall
Now at 1B: Tony Hinojosa
Now at 3B: Luis Miguel Ortíz
Batting: LHB Bob MacEachern 0-0: SOLO HOME RUN (Flyball, 78XD, EV 110.6 MPH), Distance : 451 ft
Batting: LHB Cisco Silva 0-0: Foul Ball, location: 3FF
0-1: Ball
1-1: Foul Ball, location: 2F
1-2: Hit by Pitch
Batting: RHB Eddie Fields 0-0: Sac Bunt to 2R - play at first, batter OUT! 2-3
Cisco Silva to second
Batting: RHB Teklu Malawa 0-0: Swinging Strike
0-1: Foul Ball, location: 23F
0-2: Ball
1-2: Ground out 6-3 (Groundball, 6M, EV 107.5 MPH)
Batting: RHB Jim Williams 0-0: Ball
1-0: Ball
2-0: Fly out, F8 (Line Drive, 78M, EV 108.8 MPH)
Bottom of the 5th over - 1 run, 1 hit, 0 errors, 1 left on base; Mexico City 0 - Arizona 1
TOP OF THE 6TH
Mexico City Padres batting - Pitching for Arizona Diamondbacks : LHP Walt Boyd
Now at C: Augusto Suárez
Now at 2B: Esteban Ayala
Pinch Hitting: LHB Freddy Newton 0-0: Called Strike
0-1: Foul Ball, location: 3DF
0-2: SINGLE (Line Drive, 7LM, EV 93.1 MPH)
Pinch Hitting: LHB Wilson Barrón 0-0: Ball
1-0: DOUBLE (Line Drive, 3D, EV 102.5 MPH)
Freddy Newton to third
Batting: LHB Steve Morris 0-0: Ball
1-0: DOUBLE (Groundball, 3L, EV 94.4 MPH)
Freddy Newton scores
Wilson Barrón scores
Pinch Hitting: LHB Johann Sorely 0-0: Ball
1-0: DOUBLE (Line Drive, 78D, EV 106.9 MPH)
Steve Morris scores
Pinch Hitting: LHB Gene Norman 0-0: SINGLE (Groundball, 4MD, EV 100.0 MPH)
Johann Sorely to third
Batting: RHB Luis Miguel Ortíz 0-0: Called Strike
0-1: Called Strike
0-2: Foul Ball, location: 3F
0-2: Foul Ball, location: 2LF
0-2: Hit by Pitch
Gene Norman to second
Pinch Hitting: LHB Greg Younger 0-0: Ball
1-0: Called Strike
1-1: Foul Ball, location: 9LMF
1-2: Foul Ball, location: 2F
1-2: Ball
2-2: Foul Ball, location: 3FF
2-2: Grounds into fielders choice 4-2 (Groundball, 4S, EV 90.0 MPH)
Gene Norman to third
Luis Miguel Ortíz to second
Batting: RHB Cristo Lópes 0-0: Ball
1-0: Foul Ball, location: 25F
1-1: Grounds into fielders choice 3-2 (Groundball, 3L, EV 105.6 MPH)
Luis Miguel Ortíz to third
Greg Younger to second
Batting: RHB Orlando Hernández 0-0: Called Strike
0-1: Ball
1-1: Ball
2-1: Foul Ball, location: 2F
2-2: Foul Ball, location: 9LDF
2-2: Strikes out swinging
Top of the 6th over - 3 runs, 5 hits, 0 errors, 3 left on base; Mexico City 3 - Arizona 1
BOTTOM OF THE 6TH
Arizona Diamondbacks batting - Pitching for Mexico City Padres : LHP Ernie Hall
Pitching: RHP Pat Gardner
Now at 1B: Gene Norman
Now at SS: Greg Younger
Now in LF: Shawn Jones
Now in CF: Freddy Newton
Now in RF: Wilson Barrón
Batting: LHB Tommy Rose 0-0: Swinging Strike
0-1: DOUBLE (Line Drive, 89D, EV 103.8 MPH)
Batting: LHB Esteban Ayala 0-0: Ball
1-0: Foul Ball, location: 7LMF
1-1: DOUBLE (Line Drive, 89XD, EV 103.1 MPH)
Tommy Rose scores
Batting: RHB Joe Brown 0-0: Called Strike
0-1: SINGLE (Line Drive, 5D, EV 96.9 MPH)
Esteban Ayala to third
Pinch Hitting: RHB Lou Jones 0-0: Fly out, F8 (Flyball, 8RM, EV 86.3 MPH)
Runner from 3rd tags up, SCORES, throw by CF
Batting: LHB Bob MacEachern 0-0: Swinging Strike
0-1: Ball
1-1: Called Strike
1-2: Strikes out swinging
Batting: RHB Augusto Suárez 0-0: Fly out, F9 (Flyball, 9D, EV 111.3 MPH)
Bottom of the 6th over - 2 runs, 3 hits, 0 errors, 1 left on base; Mexico City 3 - Arizona 3
TOP OF THE 7TH
Mexico City Padres batting - Pitching for Arizona Diamondbacks : LHP Walt Boyd
Pitching: LHP José Queij
Now at 3B: Lou Jones
Batting: LHB Freddy Newton 0-0: Swinging Strike
0-1: Foul Ball, location: 7LDF
0-2: Ball
1-2: Ball
2-2: Foul Ball, location: 2RF
2-2: Ground out 3-1 (Groundball, 34D, EV 85.0 MPH)
Batting: LHB Wilson Barrón 0-0: Called Strike
0-1: Ball
1-1: DOUBLE (Flyball, 89D, EV 91.3 MPH)
Batting: LHB Steve Morris 0-0: Foul Ball, location: 7LMF
0-1: Ball
Wilson Barrón steals 3rd base
1-1: Called Strike
1-2: Foul Ball, location: 2F
1-2: Ball
2-2: Fielders Choice at home, 3-2 (Groundball, 34, EV 92.5 MPH)
Batting: LHB Shawn Jones 0-0: Called Strike
0-1: Ball
1-1: SINGLE (Line Drive, 7S, EV 95.6 MPH)
Steve Morris to second
Batting: LHB Gene Norman 0-0: Fly out, F5 (Popup, 25, EV 79.4 MPH)
Top of the 7th over - 0 runs, 2 hits, 0 errors, 2 left on base; Mexico City 3 - Arizona 3
BOTTOM OF THE 7TH
Arizona Diamondbacks batting - Pitching for Mexico City Padres : RHP Pat Gardner
Batting: RHB Eddie Fields 0-0: Ball
1-0: Ball
2-0: Ball
3-0: Base on Balls
Batting: RHB Teklu Malawa 0-0: Called Strike
0-1: Sac Bunt to 25 - play at first, batter OUT! 5-3
Eddie Fields to second
Batting: RHB Jim Williams 0-0: Swinging Strike
0-1: Swinging Strike
0-2: Ball
1-2: Ground out 5-3 (Groundball, 5S, EV 65.0 MPH)
Eddie Fields to third
Batting: LHB Tommy Rose 0-0: Ball
1-0: Ball
2-0: Called Strike
2-1: Ball
3-1: Foul Ball, location: 2F
3-2: Strikes out swinging
Bottom of the 7th over - 0 runs, 0 hits, 0 errors, 1 left on base; Mexico City 3 - Arizona 3
TOP OF THE 8TH
Mexico City Padres batting - Pitching for Arizona Diamondbacks : LHP José Queij
Pitching: RHP Augusto Alvarado
Batting: RHB Luis Miguel Ortíz 0-0: Ball
1-0: Foul Ball, location: 2F
1-1: Ball
2-1: Foul Ball, location: 9LSF
2-2: Ball
3-2: Strikes out swinging
Batting: LHB Greg Younger 0-0: Ball
1-0: Foul Ball, location: 3FF
1-1: Called Strike
1-2: Foul Ball, location: 2F
1-2: Ball
2-2: Foul Ball, location: 7LMF
2-2: Ball
3-2: Foul Ball, location: 25FF
3-2: Strikes out looking
Batting: RHB Cristo Lópes 0-0: Ball
1-0: Foul Ball, location: 9LSF
1-1: Called Strike
1-2: Foul Ball, location: 3F
1-2: Strikes out swinging
Top of the 8th over - 0 runs, 0 hits, 0 errors, 0 left on base; Mexico City 3 - Arizona 3
BOTTOM OF THE 8TH
Arizona Diamondbacks batting - Pitching for Mexico City Padres : RHP Pat Gardner
Pitching: LHP Don Bright
Batting: LHB Esteban Ayala 0-0: Ball
1-0: Ball
2-0: Called Strike
2-1: Ball
3-1: Called Strike
3-2: Ground out 6-3 (Groundball, 6, EV 84.4 MPH)
Batting: RHB Joe Brown 0-0: Called Strike
0-1: SINGLE (Groundball, 6MD, EV 106.9 MPH)
Batting: RHB Lou Jones 0-0: Foul Ball, location: 9LSF
0-1: Ball
1-1: Ball
2-1: Foul Ball, location: 9LDF
2-2: Foul Ball, location: 5DF
2-2: Foul Ball, location: 9LSF
2-2: Strikes out looking
Batting: LHB Bob MacEachern 0-0: Called Strike
0-1: SINGLE (Groundball, 34S, EV 61.9 MPH) (infield hit)
Joe Brown to second
Batting: RHB Augusto Suárez 0-0: Ball
1-0: Foul Ball, location: 2F
1-1: Ball
2-1: Ball
3-1: Foul Ball, location: 3FF
3-2: Foul Ball, location: 9LSF
3-2: DOUBLE (Groundball, 5L, EV 96.9 MPH)
Joe Brown scores
Bob MacEachern to third
Bob MacEachern scores
Batting: RHB Eddie Fields 0-0: Foul Ball, location: 2F
0-1: Foul Ball, location: 3F
0-2: Foul Ball, location: 9LDF
0-2: Ball
1-2: Ball
2-2: Fly out, F7 (Line Drive, 7, EV 103.8 MPH)
Bottom of the 8th over - 2 runs, 3 hits, 0 errors, 1 left on base; Mexico City 3 - Arizona 5
TOP OF THE 9TH
Mexico City Padres batting - Pitching for Arizona Diamondbacks : RHP Augusto Alvarado
Pitching: RHP Ron Bancroft
Batting: RHB Orlando Hernández 0-0: Ball
1-0: Ball
2-0: Foul Ball, location: 7LSFF
2-1: Foul Ball, location: 3SF
2-2: Foul Ball, location: 2F
2-2: Ball
3-2: Foul Ball, location: 9LDF
3-2: Foul Ball, location: 5F
3-2: Strikes out swinging
Batting: LHB Freddy Newton 0-0: Ball
1-0: SINGLE (Groundball, 34D, EV 98.1 MPH)
Batting: LHB Wilson Barrón 0-0: Ball
1-0: Ball
2-0: Swinging Strike
2-1: Foul Ball, location: 7LDF
2-2: Foul Ball, location: 7LMF
2-2: Foul Ball, location: 23FF
2-2: Strikes out swinging
Batting: LHB Rubén Cruz 0-0: Ground out U3 (Groundball, 3, EV 85.0 MPH)
Top of the 9th over - 0 runs, 1 hit, 0 errors, 1 left on base; Mexico City 3 - Arizona 5
Friday, May 3rd , 2024 - OOTP Baseball 24.10 Build 82